[ AOE2 MATCH · #508110733 ]
UnrankedBohemians vs Celts
Player's team · WIN
Rival team · LOSS
[ REPLAY ANALYSIS · EXTRACTED FROM THE RECORDED GAME ]
Feudal
12:27
Castle
16:48
Imperial
—
| APM avg | 46.0 |
| APM peak | 73 |
| eAPM avg | 21.7 |
| Villagers / military | 86 / 72 |
Focus
⚔️ 43.5% · 🌾 56.5%
Hand Cannoneer ×61 · Monk ×5 · Militia ×3 · Mangonel ×3
Feudal
8:50
Castle
21:41
Imperial
—
| APM avg | 82.2 |
| APM peak | 134 |
| eAPM avg | 28.3 |
| Villagers / military | 117 / 91 |
Focus
⚔️ 34.8% · 🌾 65.2%
Skirmisher ×75 · Archer ×8 · Militia ×4 · Mangonel ×4
Match map
Initial resources + every placement click. Lines = walls · curves = elevation contours. ◆ gold · ⬟ stone · ● berries · ✦ relic · ◌ wall gap
Your base· Open — 4t gap
Gil-galad's base· Open — 3t gap
Smoothed initial terrain · ◌ = detected wall gap · hover for details
Inputs per minute
— snowshawnskate - - Gil-galad
Build order — snowshawnskate
First 150 of 283 actions detected
| 0:00 | Queue | Villager (Male) |
| 0:02 | Build | House |
| 0:03 | Build | House |
| 0:19 | Queue | Villager (Male) |
| 0:27 | Queue | Villager (Male) |
| 0:40 | Queue | Villager (Male) |
| 1:24 | Queue | Villager (Male) |
| 2:06 | Queue | Villager (Male) |
| 2:26 | Queue | Villager (Male) |
| 2:29 | Queue | Villager (Male) |
| 3:00 | Build | House |
| 3:06 | Queue | Villager (Male) |
| 3:11 | Queue | Villager (Male) |
| 3:18 | Build | Barracks |
| 4:04 | Queue | Villager (Male) |
| 4:04 | Queue | Militia |
| 4:08 | Queue | Villager (Male) |
| 4:31 | Queue | Villager (Male) |
| 4:38 | Build | House |
| 4:49 | Queue | Militia |
| 4:49 | Queue | Militia |
| 5:17 | Queue | Villager (Male) |
| 5:30 | Build | House |
| 5:31 | Build | Palisade Wall |
| 5:32 | Build | Palisade Wall |
| 5:47 | Queue | Villager (Male) |
| 6:03 | Build | Lumber Camp |
| 6:15 | Queue | Villager (Male) |
| 6:47 | Queue | Villager (Male) |
| 7:10 | Queue | Villager (Male) |
| 7:15 | Queue | Villager (Male) |
| 7:26 | Queue | Villager (Male) |
| 7:39 | Queue | Villager (Male) |
| 7:43 | Build | Mining Camp |
| 7:48 | Build | Palisade Wall |
| 7:49 | Build | Palisade Wall |
| 8:15 | Build | Mill |
| 8:28 | Queue | Villager (Male) |
| 8:31 | Build | Palisade Wall |
| 8:35 | Queue | Villager (Male) |
| 8:37 | Build | Palisade Wall |
| 8:46 | Queue | Villager (Male) |
| 8:53 | Build | Palisade Wall |
| 8:53 | Queue | Villager (Male) |
| 9:02 | Build | House |
| 9:02 | Queue | Villager (Male) |
| 9:04 | Queue | Villager (Male) |
| 9:06 | Build | House |
| 9:10 | Build | Palisade Wall |
| 9:12 | Build | Palisade Wall |
| 9:13 | Queue | Villager (Male) |
| 9:25 | Research | Loom |
| 10:14 | Build | Palisade Wall |
| 10:17 | Research | Feudal Age |
| 10:51 | Build | Farm |
| 10:53 | Build | Farm |
| 10:59 | Build | Farm |
| 11:02 | Build | Farm |
| 11:03 | Build | Farm |
| 11:10 | Build | Palisade Wall |
| 11:15 | Build | Palisade Wall |
| 11:34 | Build | Palisade Wall |
| 11:55 | Build | Farm |
| 12:27 | Age | Feudal Age |
| 12:28 | Build | Watch Tower |
| 12:31 | Build | Market |
| 12:35 | Build | Blacksmith |
| 12:37 | Queue | Villager (Male) |
| 12:41 | Research | Wheelbarrow |
| 12:58 | Build | House |
| 14:04 | Build | Palisade Wall |
| 14:08 | Research | Castle Age |
| 14:08 | Research | Castle Age |
| 14:17 | Build | Palisade Wall |
| 14:20 | Build | Palisade Wall |
| 14:21 | Build | Palisade Wall |
| 14:21 | Build | Palisade Wall |
| 15:02 | Build | Farm |
| 15:07 | Build | Watch Tower |
| 15:27 | Build | Lumber Camp |
| 16:36 | Research | Padded Archer Armor |
| 16:37 | Queue | Villager (Male) |
| 16:48 | Age | Castle Age |
| 16:52 | Build | University |
| 16:57 | Queue | Villager (Male) |
| 17:04 | Build | Archery Range |
| 17:09 | Build | Archery Range |
| 17:11 | Queue | Villager (Male) |
| 17:24 | Build | House |
| 17:44 | Research | Chemistry |
| 17:57 | Build | Blacksmith |
| 18:09 | Queue | Villager (Male) |
| 18:12 | Build | Farm |
| 18:45 | Build | House |
| 18:50 | Build | Blacksmith |
| 18:51 | Queue | Villager (Male) |
| 18:56 | Build | Farm |
| 18:57 | Build | Farm |
| 19:06 | Build | Farm |
| 19:18 | Queue | Villager (Male) |
| 19:26 | Queue | Hand Cannoneer |
| 19:26 | Queue | Hand Cannoneer |
| 19:32 | Build | Farm |
| 19:36 | Build | Farm |
| 19:36 | Queue | Villager (Male) |
| 19:51 | Build | Farm |
| 19:56 | Build | Farm |
| 20:02 | Queue | Hand Cannoneer |
| 20:07 | Build | Farm |
| 20:13 | Build | Farm |
| 20:15 | Queue | Hand Cannoneer |
| 20:30 | Queue | Villager (Male) |
| 20:33 | Build | House |
| 20:45 | Build | House |
| 20:55 | Queue | Hand Cannoneer |
| 21:05 | Build | House |
| 21:08 | Queue | Hand Cannoneer |
| 21:18 | Build | Farm |
| 21:20 | Build | Farm |
| 21:22 | Queue | Villager (Male) |
| 21:30 | Queue | Hand Cannoneer |
| 21:47 | Build | Farm |
| 21:55 | Queue | Hand Cannoneer |
| 21:55 | Queue | Hand Cannoneer |
| 22:00 | Build | Farm |
| 22:19 | Queue | Villager (Male) |
| 22:21 | Queue | Hand Cannoneer |
| 22:39 | Build | Monastery |
| 22:55 | Queue | Villager (Male) |
| 22:56 | Queue | Hand Cannoneer |
| 22:57 | Queue | Hand Cannoneer |
| 23:06 | Build | Farm |
| 23:14 | Queue | Hand Cannoneer |
| 23:16 | Queue | Villager (Male) |
| 23:24 | Queue | Monk |
| 23:29 | Queue | Villager (Male) |
| 23:38 | Queue | Villager (Male) |
| 23:40 | Build | Farm |
| 23:42 | Build | Farm |
| 23:54 | Build | House |
| 24:01 | Queue | Villager (Male) |
| 24:07 | Build | House |
| 24:08 | Build | House |
| 24:09 | Build | House |
| 24:16 | Queue | Villager (Male) |
| 24:18 | Queue | Hand Cannoneer |
| 24:22 | Queue | Hand Cannoneer |
| 24:23 | Queue | Hand Cannoneer |
| 24:30 | Build | Farm |
| 24:44 | Queue | Hand Cannoneer |
Build order — Gil-galad
First 150 of 302 actions detected
| 0:00 | Queue | Villager (Male) |
| 0:00 | Queue | Villager (Male) |
| 0:00 | Queue | Villager (Male) |
| 0:01 | Build | House |
| 0:02 | Build | House |
| 0:11 | Queue | Villager (Male) |
| 1:24 | Queue | Villager (Male) |
| 1:47 | Build | Lumber Camp |
| 2:03 | Queue | Villager (Male) |
| 2:17 | Queue | Villager (Male) |
| 2:48 | Queue | Villager (Male) |
| 3:04 | Queue | Villager (Male) |
| 3:37 | Queue | Villager (Male) |
| 3:37 | Queue | Villager (Male) |
| 3:41 | Build | House |
| 3:42 | Build | House |
| 4:06 | Queue | Villager (Male) |
| 4:06 | Queue | Villager (Male) |
| 4:23 | Queue | Villager (Male) |
| 4:58 | Queue | Villager (Male) |
| 5:21 | Queue | Villager (Male) |
| 5:27 | Build | Barracks |
| 5:42 | Queue | Villager (Male) |
| 5:44 | Research | Loom |
| 6:21 | Build | Palisade Wall |
| 6:21 | Build | Palisade Wall |
| 6:27 | Build | Palisade Wall |
| 6:31 | Build | Palisade Wall |
| 6:39 | Research | Feudal Age |
| 7:06 | Build | Palisade Wall |
| 7:11 | Build | Mining Camp |
| 7:31 | Queue | Militia |
| 7:42 | Build | Palisade Wall |
| 7:48 | Build | House |
| 7:52 | Queue | Militia |
| 8:15 | Queue | Militia |
| 8:16 | Queue | Villager (Male) |
| 8:26 | Build | Palisade Wall |
| 8:26 | Build | Palisade Wall |
| 8:40 | Queue | Villager (Male) |
| 8:50 | Queue | Villager (Male) |
| 8:50 | Age | Feudal Age |
| 9:00 | Research | Man-at-Arms (upgrade) |
| 9:17 | Queue | Villager (Male) |
| 9:27 | Build | Archery Range |
| 9:31 | Queue | Villager (Male) |
| 9:54 | Build | Mill |
| 10:10 | Queue | Villager (Male) |
| 10:21 | Queue | Archer |
| 10:24 | Build | House |
| 10:46 | Queue | Archer |
| 10:47 | Queue | Villager (Male) |
| 10:47 | Queue | Villager (Male) |
| 10:52 | Build | Farm |
| 11:07 | Build | Farm |
| 11:16 | Build | Farm |
| 11:20 | Queue | Villager (Male) |
| 11:21 | Queue | Villager (Male) |
| 11:32 | Queue | Archer |
| 11:37 | Queue | Villager (Male) |
| 11:38 | Queue | Villager (Male) |
| 11:43 | Build | House |
| 11:51 | Queue | Archer |
| 11:58 | Build | Farm |
| 12:11 | Queue | Villager (Male) |
| 12:14 | Build | Palisade Wall |
| 12:14 | Build | Palisade Wall |
| 12:30 | Queue | Villager (Male) |
| 13:05 | Queue | Villager (Male) |
| 13:07 | Build | Blacksmith |
| 13:08 | Queue | Archer |
| 13:10 | Build | Farm |
| 13:27 | Queue | Militia |
| 13:30 | Build | Farm |
| 13:31 | Queue | Villager (Male) |
| 13:50 | Research | Fletching |
| 13:50 | Queue | Villager (Male) |
| 13:54 | Build | Palisade Wall |
| 14:04 | Queue | Villager (Male) |
| 14:05 | Queue | Archer |
| 14:07 | Build | House |
| 14:15 | Build | Lumber Camp |
| 14:31 | Queue | Villager (Male) |
| 14:33 | Build | House |
| 14:39 | Build | Farm |
| 14:55 | Queue | Archer |
| 15:05 | Queue | Villager (Male) |
| 15:05 | Queue | Archer |
| 15:19 | Queue | Villager (Male) |
| 15:22 | Build | Farm |
| 15:41 | Queue | Villager (Male) |
| 15:44 | Build | Farm |
| 15:47 | Research | Double-Bit Axe |
| 15:52 | Research | Horse Collar |
| 15:52 | Queue | Villager (Male) |
| 15:58 | Build | Farm |
| 16:19 | Queue | Villager (Male) |
| 16:29 | Build | Farm |
| 16:32 | Build | Farm |
| 16:32 | Queue | Villager (Male) |
| 16:36 | Build | House |
| 16:48 | Build | Market |
| 16:58 | Queue | Villager (Male) |
| 17:07 | Build | Farm |
| 17:09 | Build | Farm |
| 17:34 | Build | Farm |
| 17:36 | Build | Farm |
| 17:53 | Queue | Villager (Male) |
| 18:25 | Queue | Villager (Male) |
| 19:01 | Research | Castle Age |
| 19:01 | Research | Castle Age |
| 19:18 | Queue | Villager (Male) |
| 19:29 | Queue | Skirmisher |
| 19:29 | Queue | Skirmisher |
| 19:31 | Build | Archery Range |
| 19:50 | Research | Padded Archer Armor |
| 20:08 | Build | Archery Range |
| 20:11 | Queue | Skirmisher |
| 20:18 | Queue | Villager (Male) |
| 20:32 | Queue | Skirmisher |
| 20:36 | Queue | Villager (Male) |
| 20:49 | Queue | Skirmisher |
| 20:49 | Queue | Skirmisher |
| 21:04 | Build | House |
| 21:04 | Build | House |
| 21:07 | Build | House |
| 21:08 | Build | House |
| 21:09 | Queue | Skirmisher |
| 21:26 | Build | Farm |
| 21:26 | Build | Farm |
| 21:29 | Queue | Villager (Male) |
| 21:30 | Build | House |
| 21:32 | Build | House |
| 21:41 | Build | Palisade Wall |
| 21:41 | Age | Castle Age |
| 21:44 | Research | Bodkin Arrow |
| 21:45 | Research | Elite Skirmisher (upgrade) |
| 21:48 | Queue | Skirmisher |
| 21:53 | Queue | Villager (Male) |
| 22:03 | Research | Leather Archer Armor |
| 22:14 | Build | University |
| 22:23 | Queue | Skirmisher |
| 22:37 | Queue | Skirmisher |
| 22:39 | Queue | Villager (Male) |
| 22:42 | Queue | Villager (Male) |
| 22:47 | Queue | Villager (Male) |
| 22:48 | Queue | Skirmisher |
| 22:48 | Queue | Skirmisher |
| 22:49 | Queue | Skirmisher |
| 22:49 | Queue | Skirmisher |
Match timeline
| 3:18 | snowshawnskate · first_building Barracks |
| 5:27 | Gil-galad · first_building Barracks |
| 5:31 | snowshawnskate · wall_segment Palisade Wall x1 |
| 5:32 | snowshawnskate · wall_segment Palisade Wall x1 |
| 6:21 | Gil-galad · wall_segment Palisade Wall x1 |
| 6:21 | Gil-galad · wall_segment Palisade Wall x1 |
| 6:27 | Gil-galad · wall_segment Palisade Wall x5 |
| 6:31 | Gil-galad · wall_segment Palisade Wall x1 |
| 7:06 | Gil-galad · wall_segment Palisade Wall x1 |
| 7:42 | Gil-galad · wall_segment Palisade Wall x5 |
| 7:48 | snowshawnskate · wall_segment Palisade Wall x4 |
| 7:49 | snowshawnskate · wall_segment Palisade Wall x9 |
| 8:26 | Gil-galad · wall_segment Palisade Wall x1 |
| 8:26 | Gil-galad · wall_segment Palisade Wall x1 |
| 8:31 | snowshawnskate · wall_segment Palisade Wall x5 |
| 8:37 | snowshawnskate · wall_segment Palisade Wall x1 |
| 8:50 | Gil-galad · age_up feudal |
| 8:53 | snowshawnskate · wall_segment Palisade Wall x1 |
| 9:10 | snowshawnskate · wall_segment Palisade Wall x1 |
| 9:12 | snowshawnskate · wall_segment Palisade Wall x2 |
| 9:27 | Gil-galad · first_building Archery Range |
| 10:14 | snowshawnskate · wall_segment Palisade Wall x4 |
| 11:10 | snowshawnskate · wall_segment Palisade Wall x1 |
| 11:15 | snowshawnskate · wall_segment Palisade Wall x4 |
| 11:34 | snowshawnskate · wall_segment Palisade Wall x1 |
| 12:14 | Gil-galad · wall_segment Palisade Wall x1 |
| 12:14 | Gil-galad · wall_segment Palisade Wall x1 |
| 12:27 | snowshawnskate · age_up feudal |
| 13:54 | Gil-galad · wall_segment Palisade Wall x4 |
| 14:04 | snowshawnskate · wall_segment Palisade Wall x3 |
| 14:17 | snowshawnskate · wall_segment Palisade Wall x1 |
| 14:20 | snowshawnskate · wall_segment Palisade Wall x1 |
| 14:21 | snowshawnskate · wall_segment Palisade Wall x1 |
| 14:21 | snowshawnskate · wall_segment Palisade Wall x1 |
| 15:05 | snowshawnskate · first_market_buy 100 stone |
| 16:48 | snowshawnskate · age_up castle |
| 17:04 | snowshawnskate · first_building Archery Range |
| 17:42 | snowshawnskate · first_market_sell 100 wood |
| 18:30 | Gil-galad · first_market_sell 500 wood |
| 18:31 | Gil-galad · first_market_buy 100 food |
| 21:41 | Gil-galad · wall_segment Palisade Wall x1 |
| 21:41 | Gil-galad · age_up castle |
| 22:39 | snowshawnskate · first_building Monastery |
| 25:55 | snowshawnskate · first_building Siege Workshop |
| 29:42 | Gil-galad · first_building Siege Workshop |
| 32:18 | snowshawnskate · wall_segment Palisade Wall x1 |
| 37:56 | Gil-galad · resign |
[ AI ANALYSIS · 1 CREDIT ]
What really happened in this match?
Wolo.gg analyzes every decision: build order, eco, micro, common mistakes by bracket. Personalized analysis on WhatsApp or Discord in 30 seconds.
Civ guide
Bohemians
Perfil
Jugador #1193732